TOP OF THE 1ST |
Toronto Blue Jays batting - Pitching for Washington Nationals : RHP Zack Wheeler
|
Pitching: RHP Zack Wheeler
|
|
Batting: LHB Dee Gordon
|
0-0: Fly out, F9 (Flyball, 89S)
|
Batting: RHB Elvis Andrus
|
0-0: Ground out 4-3 (Groundball, 4)
|
Batting: RHB Andrew McCutchen
|
0-0: Called Strike 0-1: Ground out 6-3 (Groundball, 6M)
|
Top of the 1st over - 0 runs, 0 hits, 0 errors, 0 left on base; Toronto 0 - Washington 0 |
BOTTOM OF THE 1ST |
Washington Nationals batting - Pitching for Toronto Blue Jays : RHP Michael Fulmer
|
Pitching: RHP Michael Fulmer
|
|
Batting: LHB Joe Panik
|
0-0: Ball 1-0: Ground out U3 (Groundball, 3)
|
Batting: LHB Yonder Alonso
|
0-0: Ball 1-0: Swinging Strike 1-1: Ball 2-1: Fly out, F9 (Flyball, 9S)
|
Batting: LHB Andrew Benintendi
|
0-0: Ball 1-0: Ball 2-0: Ground out U3 (Groundball, 34)
|
Bottom of the 1st over - 0 runs, 0 hits, 0 errors, 0 left on base; Toronto 0 - Washington 0 |
TOP OF THE 2ND |
Toronto Blue Jays batting - Pitching for Washington Nationals : RHP Zack Wheeler
|
Batting: SHB Josh Bell
|
0-0: Ground out 4-3 (Groundball, 34)
|
Batting: LHB Carlos Gonzalez
|
0-0: Ball 1-0: Ball 2-0: Ball 3-0: Base on Balls
|
Batting: RHB Nicholas Castellanos
|
0-0: Ball 1-0: Called Strike 1-1: Swinging Strike 1-2: Strikes out swinging
|
Batting: SHB Billy Hamilton
|
0-0: Swinging Strike 0-1: Ball 1-1: Ball 2-1: Called Strike 2-2: Ground out U3 (Groundball, 3)
|
Top of the 2nd over - 0 runs, 0 hits, 0 errors, 1 left on base; Toronto 0 - Washington 0 |
BOTTOM OF THE 2ND |
Washington Nationals batting - Pitching for Toronto Blue Jays : RHP Michael Fulmer
|
Batting: RHB Yulieski Gurriel
|
0-0: Ball 1-0: DOUBLE (Line Drive, 78D)
|
Batting: RHB Marcell Ozuna
|
0-0: Ball 1-0: Called Strike 1-1: Ground out 5-3 (Groundball, 5L)
|
Batting: SHB Aaron Hicks
|
0-0: SINGLE (Line Drive, 6D) Yulieski Gurriel to third
|
Batting: RHB Tyler Flowers
|
0-0: Called Strike 0-1: Fly out, F7 (Flyball, 78XD) Runner from 3rd tags up, SCORES, no throw by LF
|
Batting: LHB Zack Wheeler
|
0-0: Ball 1-0: Ball 2-0: Ball 3-0: Called Strike 3-1: Called Strike 3-2: Strikes out swinging
|
Bottom of the 2nd over - 1 run, 2 hits, 0 errors, 1 left on base; Toronto 0 - Washington 1 |
TOP OF THE 3RD |
Toronto Blue Jays batting - Pitching for Washington Nationals : RHP Zack Wheeler
|
Batting: RHB Austin Hedges
|
0-0: SINGLE (Flyball, 56D)
|
Batting: RHB Michael Fulmer
|
0-0: Sac Bunt to 13 - play at second, runner OUT! 1-6
|
Batting: LHB Dee Gordon
|
0-0: Called Strike 0-1: Swinging Strike 0-2: Foul Ball, location: 2F 0-2: Foul Ball, location: 2F 0-2: Ball 1-2: Reached on error, E6 (Groundball, 6S) Michael Fulmer to second
|
Batting: RHB Elvis Andrus
|
0-0: Called Strike 0-1: Swinging Strike 0-2: Ball 1-2: Strikes out swinging
|
Batting: RHB Andrew McCutchen
|
0-0: Ground out 1-3 (Groundball, 34S)
|
Top of the 3rd over - 0 runs, 1 hit, 1 error, 2 left on base; Toronto 0 - Washington 1 |
BOTTOM OF THE 3RD |
Washington Nationals batting - Pitching for Toronto Blue Jays : RHP Michael Fulmer
|
Batting: RHB Chris Taylor
|
0-0: Called Strike 0-1: Swinging Strike 0-2: Strikes out swinging
|
Batting: LHB Joe Panik
|
0-0: SINGLE (Line Drive, 78S)
|
Batting: LHB Yonder Alonso
|
0-0: Called Strike 0-1: Called Strike 0-2: Strikes out looking
|
Batting: LHB Andrew Benintendi
|
0-0: Ball 1-0: Fielders Choice at 2nd, 5-4 (Groundball, 56)
|
Bottom of the 3rd over - 0 runs, 1 hit, 0 errors, 1 left on base; Toronto 0 - Washington 1 |
TOP OF THE 4TH |
Toronto Blue Jays batting - Pitching for Washington Nationals : RHP Zack Wheeler
|
Batting: SHB Josh Bell
|
0-0: Ground out 4-3 (Groundball, 34D)
|
Batting: LHB Carlos Gonzalez
|
0-0: Called Strike 0-1: Ball 1-1: Ball 2-1: Swinging Strike 2-2: Foul Ball, location: 2F 2-2: Ball 3-2: Base on Balls
|
Batting: RHB Nicholas Castellanos
|
0-0: Called Strike 0-1: Called Strike 0-2: Ball 1-2: Foul Ball, location: 2F 1-2: Foul Ball, location: 2F 1-2: Strikes out swinging
|
Batting: SHB Billy Hamilton
|
0-0: Ball 1-0: Ball 2-0: Ball 3-0: Called Strike 3-1: Base on Balls Carlos Gonzalez to second
|
Batting: RHB Austin Hedges
|
0-0: Ball 1-0: Called Strike 1-1: Ball 2-1: Called Strike 2-2: Strikes out swinging
|
Top of the 4th over - 0 runs, 0 hits, 0 errors, 2 left on base; Toronto 0 - Washington 1 |
BOTTOM OF THE 4TH |
Washington Nationals batting - Pitching for Toronto Blue Jays : RHP Michael Fulmer
|
Batting: RHB Yulieski Gurriel
|
0-0: Called Strike 0-1: Ball 1-1: Fly out, F7 (Flyball, 7S)
|
Batting: RHB Marcell Ozuna
|
0-0: Ball 1-0: Fly out, F9 (Flyball, 9LSF)
|
Batting: SHB Aaron Hicks
|
0-0: Ground out 5-3 (Groundball, 56S)
|
Bottom of the 4th over - 0 runs, 0 hits, 0 errors, 0 left on base; Toronto 0 - Washington 1 |
TOP OF THE 5TH |
Toronto Blue Jays batting - Pitching for Washington Nationals : RHP Zack Wheeler
|
Batting: RHB Michael Fulmer
|
0-0: Ball 1-0: Fly out, F8 (Flyball, 89D)
|
Batting: LHB Dee Gordon
|
0-0: Ball 1-0: Ball 2-0: Called Strike 2-1: Called Strike 2-2: Foul Ball, location: 2F 2-2: Ball 3-2: Strikes out swinging
|
Batting: RHB Elvis Andrus
|
0-0: Ball 1-0: Fly out, F5 (Popup, 5SF)
|
Top of the 5th over - 0 runs, 0 hits, 0 errors, 0 left on base; Toronto 0 - Washington 1 |
BOTTOM OF THE 5TH |
Washington Nationals batting - Pitching for Toronto Blue Jays : RHP Michael Fulmer
|
Batting: RHB Tyler Flowers
|
0-0: Called Strike 0-1: Foul Ball, location: 2F 0-2: Ball 1-2: Ground out 6-3 (Groundball, 6)
|
Batting: LHB Zack Wheeler
|
0-0: Ball 1-0: Ground out 4-3 (Groundball, 4MS)
|
Batting: RHB Chris Taylor
|
0-0: Foul Ball, location: 2F 0-1: Swinging Strike 0-2: Ball 1-2: Strikes out swinging
|
Bottom of the 5th over - 0 runs, 0 hits, 0 errors, 0 left on base; Toronto 0 - Washington 1 |
TOP OF THE 6TH |
Toronto Blue Jays batting - Pitching for Washington Nationals : RHP Zack Wheeler
|
Batting: RHB Andrew McCutchen
|
0-0: Ball 1-0: SINGLE (Groundball, 6MD)
|
Batting: SHB Josh Bell
|
0-0: Called Strike 0-1: Ball 1-1: Foul Ball, location: 2F 1-2: Ball 2-2: Strikes out looking
|
Batting: LHB Carlos Gonzalez
|
0-0: Called Strike 0-1: Called Strike 0-2: Fly out, F8 (Flyball, 8RM)
|
Batting: RHB Nicholas Castellanos
|
0-0: Ball 1-0: Swinging Strike 1-1: Ball 2-1: Foul Ball, location: 2F 2-2: Ball 3-2: Fly out, F9 (Flyball, 9S)
|
Top of the 6th over - 0 runs, 1 hit, 0 errors, 1 left on base; Toronto 0 - Washington 1 |
BOTTOM OF THE 6TH |
Washington Nationals batting - Pitching for Toronto Blue Jays : RHP Michael Fulmer
|
Batting: LHB Joe Panik
|
0-0: Called Strike 0-1: Ball 1-1: Ball 2-1: Foul Ball, location: 2F 2-2: Ground out 6-3 (Groundball, 6MS)
|
Batting: LHB Yonder Alonso
|
0-0: SINGLE (Groundball, 5D)
|
Batting: LHB Andrew Benintendi
|
0-0: Fly out, F8 (Line Drive, 8LM)
|
Batting: RHB Yulieski Gurriel
|
0-0: Fly out, F7 (Flyball, 78M)
|
Bottom of the 6th over - 0 runs, 1 hit, 0 errors, 1 left on base; Toronto 0 - Washington 1 |
TOP OF THE 7TH |
Toronto Blue Jays batting - Pitching for Washington Nationals : RHP Zack Wheeler
|
Batting: SHB Billy Hamilton
|
0-0: Ball 1-0: Foul Ball, location: 2F 1-1: Ground out 4-3 (Groundball, 4)
|
Batting: RHB Austin Hedges
|
0-0: Called Strike 0-1: Called Strike 0-2: Ground out U3 (Groundball, 34)
|
Batting: RHB Michael Fulmer
|
0-0: Ball 1-0: Swinging Strike 1-1: Swinging Strike 1-2: Strikes out looking
|
Top of the 7th over - 0 runs, 0 hits, 0 errors, 0 left on base; Toronto 0 - Washington 1 |
BOTTOM OF THE 7TH |
Washington Nationals batting - Pitching for Toronto Blue Jays : RHP Michael Fulmer
|
Batting: RHB Marcell Ozuna
|
0-0: Foul Ball, location: 2F 0-1: Ball 1-1: Swinging Strike 1-2: Strikes out swinging
|
Batting: SHB Aaron Hicks
|
0-0: Called Strike 0-1: Called Strike 0-2: Ground out U3 (Groundball, 3)
|
Batting: RHB Tyler Flowers
|
0-0: Ground out 6-3 (Groundball, 6)
|
Bottom of the 7th over - 0 runs, 0 hits, 0 errors, 0 left on base; Toronto 0 - Washington 1 |
TOP OF THE 8TH |
Toronto Blue Jays batting - Pitching for Washington Nationals : RHP Zack Wheeler
|
Batting: LHB Dee Gordon
|
0-0: Fly out, F7 (Flyball, 7)
|
Batting: RHB Elvis Andrus
|
0-0: Ball 1-0: Called Strike 1-1: Foul Ball, location: 2F 1-2: Ground out 6-3 (Groundball, 6)
|
Batting: RHB Andrew McCutchen
|
0-0: Ball 1-0: Swinging Strike 1-1: Ball 2-1: Swinging Strike 2-2: Foul Ball, location: 2F 2-2: Strikes out swinging
|
Top of the 8th over - 0 runs, 0 hits, 0 errors, 0 left on base; Toronto 0 - Washington 1 |
BOTTOM OF THE 8TH |
Washington Nationals batting - Pitching for Toronto Blue Jays : RHP Michael Fulmer
|
Pinch Hitting: SHB Jed Lowrie
|
0-0: Ball 1-0: Ball 2-0: Called Strike 2-1: Ball 3-1: Base on Balls
|
Batting: RHB Chris Taylor
|
0-0: Called Strike 0-1: Called Strike 0-2: Ball 1-2: SINGLE (Groundball, 34D) Jed Lowrie to second Runner from 2nd tries for 3rd, SAFE, no throw by RF
|
Batting: LHB Joe Panik
|
0-0: Ball 1-0: Ball 2-0: Foul Ball, location: 2F 2-1: DOUBLE (Line Drive, 78M) Jed Lowrie scores Chris Taylor to third
|
Batting: LHB Yonder Alonso
|
0-0: Foul Ball, location: 2F 0-1: DOUBLE (Flyball, 89D) Chris Taylor scores Joe Panik scores
|
Pitching: RHP Carson Smith
|
|
Batting: LHB Andrew Benintendi
|
0-0: Called Strike 0-1: Ball 1-1: Ball 2-1: Called Strike 2-2: Foul Ball, location: 2F 2-2: Foul Ball, location: 2F 2-2: Ball 3-2: Base on Balls
|
Batting: RHB Yulieski Gurriel
|
0-0: Swinging Strike 0-1: Fly out, F6 (Line Drive, 6)
|
Pitching: RHP JC Ramirez
|
|
Batting: RHB Marcell Ozuna
|
0-0: Called Strike 0-1: Ball 1-1: DOUBLE (Flyball, 78D) Yonder Alonso scores Andrew Benintendi to third
|
Batting: SHB Aaron Hicks
|
0-0: Ball 1-0: Fly out, F9 (Flyball, 9D) Runner from 3rd tags up, SCORES, no throw by RF Marcell Ozuna to third
|
Batting: RHB Tyler Flowers
|
0-0: Ball 1-0: Foul Ball, location: 2F 1-1: Ball 2-1: Called Strike 2-2: Foul Ball, location: 2F 2-2: Fly out, F8 (Flyball, 78M)
|
Bottom of the 8th over - 5 runs, 4 hits, 0 errors, 1 left on base; Toronto 0 - Washington 6 |
TOP OF THE 9TH |
Toronto Blue Jays batting - Pitching for Washington Nationals : RHP Zack Wheeler
|
Pitching: RHP Yu Darvish
|
|
Batting: SHB Josh Bell
|
0-0: Swinging Strike 0-1: Ball 1-1: Ball 2-1: Foul Ball, location: 2F 2-2: Foul Ball, location: 2F 2-2: Ball 3-2: Foul Ball, location: 2F 3-2: DOUBLE (Line Drive, 78M)
|
Batting: LHB Carlos Gonzalez
|
0-0: Ball 1-0: Swinging Strike 1-1: Swinging Strike 1-2: Fly out, F9 (Flyball, 9)
|
Batting: RHB Nicholas Castellanos
|
0-0: Ball 1-0: Ball 2-0: Called Strike 2-1: Swinging Strike 2-2: Strikes out looking
|
Batting: SHB Billy Hamilton
|
0-0: Ball 1-0: Foul Ball, location: 2F 1-1: Ball 2-1: Ball 3-1: Base on Balls
|
Batting: RHB Austin Hedges
|
0-0: Ball 1-0: Called Strike 1-1: SINGLE (Line Drive, 78S) Josh Bell to third Billy Hamilton to second
|
Pinch Hitting: RHB Jorge Soler
|
0-0: Ball 1-0: SINGLE (Groundball, 4MD) Josh Bell scores Billy Hamilton to third Austin Hedges to second
|
Pitching: RHP Joakim Soria
|
|
Batting: LHB Dee Gordon
|
0-0: Ball 1-0: Foul Ball, location: 2F 1-1: Ball 2-1: Fly out, F8 (Line Drive, 8LM)
|
Top of the 9th over - 1 run, 3 hits, 0 errors, 3 left on base; Toronto 1 - Washington 6 |
|